 Dungeon Crawl Stone Soup version 0.30-a0-12-gd8047c6341 (webtiles) character file.

Game seed: 3985145805204390044

26 SensoryNuts the Chopper (level 3, -1/49 HPs)
             Began as a Hill Orc Monk on Aug 23, 2022.
             Slain by Terence
             ... wielding a +0 morningstar
              (6 damage)
             ... on level 2 of the Dungeon.
             The game lasted 00:02:31 (1703 turns).

SensoryNuts the Chopper (Hill Orc Monk)             Turns: 1703, Time: 00:02:31

Health: -1/49      AC: 10    Str: 13    XL:     3   Next: 8%
Magic:  2/2        EV:  3    Int: 10    God:
Gold:   31         SH:  0    Dex: 15    Spells: 2/2 levels left

rFire   . . .      SeeInvis +    a - +0 hand axe
rCold   . . .      Faith    .    (no shield)
rNeg    . . .      Spirit   .    g - +0 plate armour
rPois   .          Reflect  .    (no helmet)
rElec   .          Harm     .    (no cloak)
rCorr   .          Rampage  .    (no gloves)
Will    .....                    (no boots)
Stlth   ..........               (no amulet)
HPRegen 0.16/turn                (no ring)
MPRegen 0.08/turn                (no ring)

@: berserking, weak-willed, very quick
A: see invisible, low MP 1
a: no special abilities


You were on level 2 of the Dungeon.
You visited 1 branch of the dungeon, and saw 2 of its levels.

You collected 31 gold pieces.

Inventory:

Hand Weapons
 a - a +0 hand axe (weapon)
Armour
 b - a +0 robe
 g - a +0 plate armour (worn)


   Skills:
 + Level 3.9 Fighting
 * Level 4.7 Axes
 + Level 2.8 Dodging
 + Level 1.6 Stealth


You had 2 spell levels left.
You didn't know any spells.
Your spell library contained the following spells:

 Spells                   Type           Power      Damage    Failure   Level
 Static Discharge         Conj/Air       0%         3-3/arc   100%        2
 Frozen Ramparts          Ice            0%         1d1       100%        3
 Ice Form                 Ice/Tmut       0%         N/A       100%        4
 Summon Ice Beast         Ice/Summ       0%         N/A       100%        4
 Lightning Bolt           Conj/Air       0%         1d11      100%        5
 Maxwell's Capacitive Co  Air            0%         ∞         100%        8


Dungeon Overview and Level Annotations

Branches:
Dungeon (2/15)

Altars:

Shops:
D:2 [

Annotations:
D:2 Terence


Innate Abilities, Weirdness & Mutations

You have supernaturally acute eyesight. (SInv)
Your magical capacity is low. (-10% MP)


Message History

Terence bares his teeth.
Terence hits you with a +0 morningstar.
You hit Terence.
Terence is lightly wounded.
Terence hits you but does no damage.
You closely miss Terence.
Terence is lightly wounded.
Terence hits you with a +0 morningstar. Terence hits you with a +0 morningstar!
You hit Terence but do no damage.
Terence is lightly wounded.
Terence hits you with a +0 morningstar!
You hit Terence.
Terence is lightly wounded.
Terence hits you with a +0 morningstar.
* * * LOW HITPOINT WARNING * * *
You feel better. Terence barely misses you.
As you read the scroll labelled EXUERI HEONI, it crumbles to dust.
The scroll dissolves into smoke.
It was a scroll of fog.
Terence hits you with a +0 morningstar.
* * * LOW HITPOINT WARNING * * *
As you read the scroll labelled COSHRU COHURRE, it crumbles to dust.
Magic quickly surges around you.
It was a scroll of vulnerability.
Terence hits you but does no damage.
It was a potion of mutation.
You feel extremely strange.
Your vision sharpens.
You feel less energetic. Terence completely misses you.
It was a potion of berserk rage.
A red film seems to cover your vision as you go berserk!
You feel yourself moving faster!
You feel mighty! Terence hits you with a +0 morningstar!
* * * LOW HITPOINT WARNING * * *
You hit Terence but do no damage.
Terence is lightly wounded.
You slash Terence!
Terence is severely wounded.
Terence hits you but does no damage.
You hit Terence.
Terence is almost dead.
Terence hits you with a +0 morningstar.
You die...

..# ..######## #
#.#.....# .#.#.....#[#
#.⌠.#......###########
#.............>...#
#.#§§§..#########.#
##§#### #.# #@# #.#
#@# ##.### §§§ #.....
..... ###..### .......
##.#..#
.........####.....###
+.........+...........
#.<.......####....#.##
##..###.#


You could see Terence (weak-willed).

Vanquished Creatures
  4 ball pythons (D:1)
  4 endoplasms
  2 hobgoblins (D:1)
  5 jackals (D:1)
  3 bats
  A frilled lizard (D:1)
  2 goblins
  2 rats (D:2)
23 creatures vanquished.

Notes
Turn   | Place    | Note
-------+----------+-------------------------------------------
     0 | D:1      | SensoryNuts the Hill Orc Monk began the quest for the Orb.
     0 | D:1      | Reached XP level 1. HP: 19/19 MP: 1/1
   138 | D:1      | Reached XP level 2. HP: 8/27 MP: 2/2
  1622 | D:2      | Found Ychot's Antique Armour Boutique.
  1679 | D:2      | Noticed Terence
  1683 | D:2      | Reached XP level 3. HP: 33/33 MP: 3/3
  1699 | D:2      | Gained mutation: You have supernaturally acute eyesight.
                  | (SInv) [potion of mutation]
  1699 | D:2      | Gained mutation: Your magical capacity is low. (-10% MP)
                  | [potion of mutation]
  1703 | D:2      | Slain by Terence

Illustrated notes

Levels and vault maps discovered:
D:1:      dpeg_arrival_windows_large_door, layout_loops_ring,
          nicolae_kite_square_tiling_tiny, amcnicky_mini_rare_corridor_liquid
D:2:      minmay_diamond_boxcup, layout_loops_corners, serial_shops, shop,
          grunt_decor_one_mirror, minmay_crystal_room, uniq_terence, uniq_robin

Action                   || total
-------------------------++-------
Melee: Hand axe          ||    77
  Use: Potion            ||     5
       Scroll            ||     5
 Stab: Sleeping          ||     1
Armor: Robe              ||    23
       Plate armour      ||     7
Dodge: Dodged            ||    79

Table legend: (Time is in decaauts)
 A = Elapsed time spent in this place.
 B = Non-inter-level travel time spent in this place.
 C = Inter-level travel time spent in this place.
 D = Time resting spent in this place.
 E = Time spent auto-exploring this place.
 F = Levels seen in this place.
 G = Mean time per level.
                   A        B        C        D        E       F      G
               +--------+--------+--------+--------+--------+-----+--------+
         Total |   1712 |   1687 |     25 |      0 |   1404 |   2 |  856.0 |
       Dungeon |   1712 |   1687 |     25 |      0 |   1404 |   2 |  856.0 |
               +--------+--------+--------+--------+--------+-----+--------+

Top non-repeatable levels by time:
     D:1: 1416 daAuts
     D:2: 296 daAuts
